 Dungeon Crawl Stone Soup version 0.26-a0-597-gb535b0901c (webtiles) character file.

Game seed: 6110603830452786190

1347 elguitar the Cleaver (level 8, -2/68 HPs)
             Began as a Minotaur Fighter on Sept 6, 2020.
             Slain by an ice devil (5 damage)
             ... summoned by a kobold demonologist
             ... on level 6 of the Dungeon.
             The game lasted 00:50:16 (5160 turns).

elguitar the Cleaver (Minotaur Fighter)             Turns: 5160, Time: 00:50:17

Health: -2/68      AC:  8    Str: 21    XL:     8   Next: 36%
Magic:  7/7        EV: 13    Int:  5    God:
Gold:   287        SH: 16    Dex: 12    Spells: 7/7 levels left

rFire    . . .     SeeInvis .   a - +0 war axe
rCold    . . .     Faith    .   c - +0 kite shield
rNeg     . . .     Spirit   .   b - +1 scale mail
rPois    .         Reflect  +   (helmet restricted)
rElec    .         Harm     .   (no cloak)
rCorr    .                      (no gloves)
MR       +....                  (no boots)
Stlth    ..........             d - amulet of reflection
HPRegen  0.21/turn              l - +4 ring of evasion
MPRegen  0.10/turn              g - ring of protection from magic

@: mighty
A: retaliatory headbutt, horns 2, mutation resistance 1, MP-powered wands
a: no special abilities


You were on level 6 of the Dungeon.
You visited 1 branch of the dungeon, and saw 6 of its levels.

You collected 287 gold pieces.

Inventory:

Hand Weapons
 a - a +0 war axe (weapon)
Armour
 b - a +1 scale mail (worn)
 c - a +0 kite shield (worn)
Jewellery
 d - an amulet of reflection (around neck)
 g - a ring of protection from magic (right hand)
 j - an uncursed ring of attention
 l - a +4 ring of evasion (left hand)
Scrolls
 e - 4 scrolls of remove curse
 q - 2 scrolls of identify
Potions
 i - 6 potions of curing
 k - a potion of haste
 m - a potion of flight
 o - 2 potions of magic
 p - a potion of stabbing {unknown}
 r - a potion of invisibility {unknown}


   Skills:
 + Level 5.3 Fighting
 + Level 8.3 Axes
 + Level 6.1 Armour
 + Level 2.4 Dodging
 + Level 0.2 Stealth
 + Level 7.1 Shields


You had 7 spell levels left.
You didn't know any spells.
Your spell library was empty.

Dungeon Overview and Level Annotations

Branches:
Dungeon (6/15)             Temple (0/1) D:5

Altars:
Elyvilon
Fedhas
Nemelex Xobeh
Okawaru
Trog
Xom
Yredelemnul

Shops:
D:4 :


Innate Abilities, Weirdness & Mutations

You reflexively headbutt those who attack you in melee.
You have a pair of horns on your head.
You are somewhat resistant to further mutation.
You expend magic power (3 MP) to strengthen your wands.


Message History

The kobold demonologist misses you.
You barely miss the ufetubus. You slash the ice devil!
You completely miss the kobold demonologist.
The ufetubus disappears in a puff of smoke!
You block the ice devil's attack.
The kobold demonologist hits you with a +0 dagger.
You hit the ice devil but do no damage.
The ice devil is severely wounded.
You hit the kobold demonologist. You block the ice devil's attack.
You block the kobold demonologist's attack.
The ice devil hits you!
* * * LOW HITPOINT WARNING * * *
The ice devil freezes you!
* * * LOW HITPOINT WARNING * * *
As you read the scroll of fog, it crumbles to dust.
The scroll dissolves into smoke.
The kobold demonologist hits you but does no damage.
The ice devil hits you but does no damage.
The ice devil hits you.
You die...

#..####.....#.###
##. ##....#...#
#. #..###.#.# #.
#.## #...# #. #.#
#.#.# #. #.#
#...# .. ...
#.#.# #...# #@###
#K4h# #F#5# #§F.#
+5#.# #...# #.# #
#.. #.#


You could see an ice devil (summoned), a kobold demonologist, a bullfrog, a
hound and a shadow imp (summoned).

Vanquished Creatures
  2 black bears
  A phantom (D:6)
  A centaur (D:5)
  An ogre (D:3)
  A gnoll sergeant (D:6)
  A scorpion (D:5)
  4 wights (D:6)
  2 jellies
  An orc wizard (D:5)
  2 bullfrog zombies
  2 orc priests
  2 iguanas
  Natasha (thrice) (D:4)
  2 worker ants
  A hound skeleton (D:4)
  6 adders
  6 gnolls
  3 white imps (D:5)
  An ufetubus (D:5)
  An adder skeleton (D:4)
  5 worms
  2 leopard geckos
  11 orcs
  A ball python (D:1)
  4 giant cockroaches
  2 gnoll zombies (D:5)
  5 goblins
  9 hobgoblins
  5 jackals
  6 quokkas
  5 bats
  4 frilled lizards
  A jackal skeleton (D:4)
  A jackal zombie (D:5)
  5 kobolds
  A leopard gecko skeleton (D:4)
  4 rats
  2 bushes (D:2)
116 creatures vanquished.

Vanquished Creatures (others)
  7 plants (D:2)
7 creatures vanquished.

Grand Total: 123 creatures vanquished

Notes
Turn   | Place    | Note
-------+----------+-------------------------------------------
     0 | D:1      | elguitar the Minotaur Fighter began the quest for the Orb.
     0 | D:1      | Reached XP level 1. HP: 19/19 MP: 0/0
   312 | D:1      | Reached XP level 2. HP: 27/27 MP: 1/1
  1226 | D:2      | Reached skill level 3 in Axes
  1306 | D:2      | Reached XP level 3. HP: 29/33 MP: 2/2
  1438 | D:2      | Found a white marble altar of Elyvilon.
  1440 | D:2      | Found a bloodstained altar of Trog.
  2127 | D:3      | Reached XP level 4. HP: 17/40 MP: 3/3
  2228 | D:3      | Reached skill level 4 in Axes
  2228 | D:3      | Reached XP level 5. HP: 24/46 MP: 4/4
  2298 | D:3      | Found a shimmering altar of Xom.
  2356 | D:3      | Gained mutation: You expend magic power (3 MP) to
                  | strengthen your wands. [potion of mutation]
  2356 | D:3      | Gained mutation: You are somewhat resistant to further
                  | mutation. [potion of mutation]
  2462 | D:3      | Noticed an ogre
  2477 | D:3      | Killed an ogre
  2477 | D:3      | Reached skill level 1 in Dodging
  2477 | D:3      | Reached skill level 5 in Shields
  2776 | D:3      | Reached XP level 6. HP: 50/53 MP: 5/5
  2777 | D:3      | Reached skill level 5 in Axes
  3276 | D:4      | Found Izirad's Book Shop.
  3285 | D:4      | Noticed Natasha
  3289 | D:4      | Killed Natasha
  3289 | D:4      | Reached skill level 5 in Armour
  3321 | D:4      | Noticed Natasha
  3328 | D:4      | Killed Natasha
  3484 | D:4      | Found a blossoming altar of Fedhas.
  3695 | D:4      | Noticed Natasha
  3703 | D:4      | Killed Natasha
  3786 | D:4      | Reached XP level 7. HP: 60/60 MP: 6/6
  3848 | D:4      | Reached skill level 6 in Axes
  4027 | D:5      | Entered Level 5 of the Dungeon
  4213 | D:5      | Found a basalt altar of Yredelemnul.
  4313 | D:5      | Found a staircase to the Ecumenical Temple.
  4615 | D:5      | Reached skill level 7 in Axes
  4618 | D:5      | Found an iron altar of Okawaru.
  4662 | D:5      | Found a sparkling altar of Nemelex Xobeh.
  4915 | D:6      | Reached skill level 5 in Fighting
  4928 | D:6      | Reached XP level 8. HP: 65/68 MP: 7/7
  4998 | D:6      | Reached skill level 8 in Axes
  5139 | D:6      | Noticed a kobold demonologist
  5144 | D:6      | Noticed a soul eater
  5145 | D:6      | Noticed an ice devil
  5158 | D:6      | HP: 3/68 [ice devil[a kobold demonologist] (15)]
  5160 | D:6      | Slain by an ice devil

Illustrated notes

Levels and vault maps discovered:
D:1:      elethiomel_arrival_infinity_welcomes_careful_drivers, layout_basic
D:2:      cheibrodos_greedy_goblins, layout_loops_cross,
          grunt_temple_overflow_open, serial_forest,
          infiniplex_forest_clump_long, infiniplex_forest_pool,
          infiniplex_forest_clump_diagonal, infiniplex_forest_straight_3,
          infiniplex_forest_clump_curved, infiniplex_forest_clump_medium,
          infiniplex_forest_clump_small
D:3:      layout_basic, overflow_temple_1_default
D:4:      layout_rooms, lemuel_coloured_pillars_altar, serial_shops, shop,
          minmay_crystal_water, minmay_misc_feat_rugged, uniq_natasha
D:5:      layout_basic, nemelex_xobeh_ov_fountains_minmay,
          lemuel_zombie_altar_yredelemnul, temple_fountains,
          kennysheep_okawaru_gauntlet
D:6:      layout_loops_ring, old_standard_altar, hangedman_minor_gate_pass

Skill      XL: |  1  2  3  4  5  6  7  8 |
---------------+-------------------------+-----
Shields        | 4 5 6 7 |  7.1
Axes           | 3 4 5 7 8 |  8.3
Armour         | 4 5 6 |  6.1
Fighting       | 4 5 |  5.3
Dodging        | 1 2 |  2.4
Stealth        | |  0.2

Action                   |  1- 3 |  4- 6 |  7- 9 || total
-------------------------+-------+-------+-------++-------
Melee: War axe           |   169 |   118 |   139 ||   426
       Headbutt          |    43 |    19 |    23 ||    85
  Use: Scroll            |     8 |     4 |     4 ||    16
       Potion            |     1 |     6 |     3 ||    10
Armor: Scale mail        |    42 |    39 |    33 ||   114
Dodge: Dodged            |    29 |    52 |    48 ||   129
Block: Kite shield       |    53 |    85 |   140 ||   278
       Reflection        |       |       |     1 ||     1

Table legend: (Time is in decaauts)
 A = Elapsed time spent in this place.
 B = Non-inter-level travel time spent in this place.
 C = Inter-level travel time spent in this place.
 D = Time resting spent in this place.
 E = Time spent auto-exploring this place.
 F = Levels seen in this place.
 G = Mean time per level.
                   A        B        C        D        E       F      G
               +--------+--------+--------+--------+--------+-----+--------+
         Total |   5317 |   5248 |     69 |      0 |   1343 |   6 |  886.2 |
       Dungeon |   5317 |   5248 |     69 |      0 |   1343 |   6 |  886.2 |
               +--------+--------+--------+--------+--------+-----+--------+

Top non-repeatable levels by time:
     D:3: 1316 daAuts
     D:1: 1244 daAuts
     D:5: 898 daAuts
     D:4: 843 daAuts
     D:2: 755 daAuts
     D:6: 259 daAuts
